 Dungeon Crawl Stone Soup version 0.19.5 (webtiles) character file.

38019 Fairytaker the Bludgeoner (level 14, -14/92 HPs)
             Began as a Gargoyle Fighter on Mar 8, 2017.
             Was an Elder of the Shining One.
             Splashed by an acid blob's acid (17 damage)
             ... on level 6 of the Lair of Beasts.
             The game lasted 01:13:10 (16046 turns).

Fairytaker the Bludgeoner (Gargoyle Fighter)       Turns: 16046, Time: 01:13:12

Health: -14/92     AC: 16    Str: 30    XL:     14   Next: 0%
Magic:  19/19      EV:  5    Int: 10    God:    the Shining One [****..]
Gold:   1067       SH: 17    Dex:  9    Spells: 0 memorised, 13 levels left

rFire  + . .     SeeInvis .     U - +3 flail (holy)
rCold  . . .     Gourm    .     G - +2 plate armour {rF+}
rNeg   + + +     Faith    .     F - +0 large shield
rPois  ∞         Spirit   .     (no helmet)
rElec  +         Reflect  .     d - +2 cloak
rCorr  .         Harm     .     n - +0 pair of gloves
MR     +....                    v - +1 pair of boots
Stlth  ..........               (no amulet)
                                Z - ring of loudness (curse)
                                h - +6 ring of strength

@: corroded, very slightly contaminated, hasted, glowing, very quick
A: big wings, negative energy resistance 1, electricity resistance, unbreathing,
petrification resistance, rot immunity, AC +9
a: Fly, Divine Shield, Cleansing Flame, Renounce Religion


You were on level 6 of the Lair of Beasts.
You worshipped the Shining One.
The Shining One was greatly pleased with you.
You were near starving.

You visited 3 branches of the dungeon, and saw 18 of its levels.
You also visited: Labyrinth and Ice Cave.

You collected 1067 gold pieces.

Inventory:

Hand Weapons
 E - the +12 glaive of Prune {chop}
   (You found it on level 1 of the Lair of Beasts)

   It inflicts extra damage upon your enemies.
 S - a +1 flail of crushing
 T - a +0 morningstar
 U - a +3 flail of holy wrath (weapon)
Missiles
 B - 14 tomahawks (quivered)
 O - a throwing net
Armour
 c - a +1 shield
 d - a +2 cloak (worn)
 n - a +0 pair of gloves (worn)
 p - a +1 cloak of invisibility
 r - the +3 hat of Pondering {ponderous, MR+ MP+10 Int+5}
   (You took it off Gastronok on level 1 of the Lair of Beasts)

   It affects your intelligence (+5).
   It affects your resistance to hostile enchantments.
   It affects your magic capacity (+10).
 v - a +1 pair of boots (worn)
 F - a +0 large shield (worn)
 G - a +2 plate armour of fire resistance (worn)
 X - a +4 scale mail
Jewellery
 b - an uncursed ring of flight
 h - a +6 ring of strength (left hand)
 m - a +4 ring of dexterity
 R - an uncursed ring of ice
 Z - a cursed ring of loudness (right hand)
Wands
 K - a wand of acid (8/15)
 N - a wand of flame (23/48)
 Q - a wand of lightning (4/15)
Scrolls
 e - 5 scrolls of remove curse
 g - a scroll of acquirement {unknown}
 j - 4 scrolls of magic mapping
 k - 4 scrolls of recharging
 o - 3 scrolls of blinking {unknown}
 x - 4 scrolls of teleportation
 y - a scroll of vulnerability {unknown}
 D - 2 scrolls of enchant weapon
 H - 4 scrolls of identify
 I - 3 scrolls of immolation
 P - a scroll of enchant armour
 V - a scroll of holy word {unknown}
 W - a scroll of silence {unknown}
Potions
 a - 2 potions of agility
 i - 2 potions of magic
 l - 4 potions of haste
 q - a potion of cure mutation
 A - 2 potions of flight
 M - 2 potions of curing
Miscellaneous
 w - a box of beasts
Comestibles
 f - 6 bread rations
 s - 6 slices of pizza
 t - 9 fruits
 u - 4 beef jerkies
 z - 7 meat rations
 L - 10 royal jellies


   Skills:
 * Level 12.9 Fighting
 + Level 16.3 Maces & Flails
 + Level 7.9 Armour
 + Level 2.7 Dodging
 + Level 7.5 Shields
 - Level 7.3 Invocations


You had 13 spell levels left.
You didn't know any spells.

Dungeon Overview and Level Annotations

Branches:
Dungeon (11/15)            Temple (1/1) D:6            Lair (6/6) D:9
 Shoals (0/4) Lair:2        Snake (0/4) Lair:4        Slime (0/5) Lair:5
    Orc: D:9-12

Altars:
Dithmenos
Elyvilon
Gozag
Hepliaklqana
Kikubaaqudgha
Nemelex Xobeh
Okawaru
Qazlal
Sif Muna
Uskayaw
Xom
Yredelemnul
The Shining One
Jiyva

Shops:
D:6 (   D:9 (   D:10 :

Annotations:
D:11 exclusion: ice statue


Innate Abilities, Weirdness & Mutations

You are resistant to torment.
Your stone body is resilient. (AC +9)
You are immune to poison.
Your large and strong wings let you fly indefinitely.
You resist negative energy. (rN+)
You are resistant to electric shocks. (rElec)
You can survive without breathing.
You are immune to petrification.
You are immune to rotting.


Message History

You are very lightly contaminated with residual magic.
The acid blob spits acid at you. The splash of acid hits you!
* * * LOW HITPOINT WARNING * * *
The acid corrodes you!
You are splashed with acid!
The acid burns!
* * * LOW HITPOINT WARNING * * *
Okay, then.
Unknown command.
Unknown command.
As you read the scroll of fog, it crumbles to dust.
The scroll dissolves into smoke.
The ooze quivers.
Okay, then.
Okay, then.
There is a stone staircase leading up here.
The acid blob spits acid at you. The splash of acid hits you!
* * * LOW HITPOINT WARNING * * *
The acid corrodes you!
You are splashed with acid!
The acid burns!
You die...

###### #....##
#.....# #.....##
#...@..##
##.......##
#.........#
##.........#
#...§.§....##
..###..§J§....##
..P...§§§§.....#
.....§§§§.....#
####
.....§§§§.....#


JJ... You could see an acid blob.

Vanquished Creatures
  Gastronok (Lair:1)
  A frost giant (IceCv)
  2 death oozes (Lair:6)
  An ice dragon (Lair:5)
  3 hydras
  The ghost of Kahsius the Grappler, a novice TrBe of Trog (D:9)
  2 hill giants
  A deep elf mage (D:9)
  Maurice (D:9)
  8 spiny frogs
  2 black mambas
  The ghost of tof the Poker, a novice DsBe of Trog (D:4)
  2 rime drakes
  2 komodo dragons
  A queen bee (D:9)
  3 trolls
  A two-headed ogre (D:9)
  22 polar bears
  2 hornets
  11 blink frogs
  A slime creature (Lair:6)
  6 hippogriffs
  3 wyverns
  23 yaks
  A basilisk (D:9)
  A steam dragon (D:6)
  A hungry ghost (D:7)
  Grum (D:8)
  2 nagas
  Duvessa (D:5)
  7 water moccasins
  4 porcupines
  2 orc warriors (D:9)
  3 sky beasts
  An eye of draining (D:9)
  4 phantoms
  2 necrophages
  15 wolves
  4 ogres
  4 centaurs
  6 crocodiles
  Blork the orc (D:4)
  12 bullfrogs
  A gnoll sergeant (D:7)
  Dowan (D:5)
  A water moccasin zombie (D:5)
  4 scorpions
  21 killer bees
  9 wights
  5 howler monkeys
  5 crimson imps
  5 jellies
  A centaur zombie (D:5)
  2 quasits
  5 hounds
  2 orc priests
  2 centaur skeletons
  13 orc wizards
  Ijyb (D:2)
  Natasha (twice) (D:2)
  5 iguanas
  9 hell rats (Lair:2)
  7 worker ants
  A killer bee zombie (D:5)
  A hound zombie (D:8)
  A howler monkey zombie (D:9)
  2 hound skeletons
  2 worker ant zombies
  13 adders
  10 gnolls
  13 river rats (Lair:2)
  3 shadow imps
  9 oozes
  2 adder skeletons (D:7)
  7 worms
  A dart slug (D:2)
  6 leopard geckos
  40 orcs
  A ball python (D:3)
  3 giant cockroaches
  6 goblins
  8 hobgoblins
  7 jackals
  7 quokkas
  2 bats
  5 frilled lizards
  2 jackal skeletons (D:4)
  3 kobolds
  A quokka skeleton (D:8)
  A quokka zombie (D:9)
  25 rats
456 creatures vanquished.

Vanquished Creatures (collateral kills)
  An azure jelly (Lair:6)
  A hill giant (D:9)
  A manticore (D:9)
  An eye of draining (D:9)
  2 jellies (Lair:6)
6 creatures vanquished.

Vanquished Creatures (others)
  A minotaur (Lab)
  A polar bear (IceCv)
  A yak (IceCv)
3 creatures vanquished.

Grand Total: 465 creatures vanquished

Notes
Turn   | Place    | Note
-------+----------+-------------------------------------------
     0 | D:1      | Fairytaker the Gargoyle Fighter began the quest for the Orb.
     0 | D:1      | Reached XP level 1. HP: 14/14 MP: 1/1
   218 | D:1      | Reached XP level 2. HP: 13/19 MP: 2/2
   494 | D:2      | Reached skill level 3 in Maces & Flails
   505 | D:2      | Reached XP level 3. HP: 14/23 MP: 3/3
   558 | D:2      | Noticed Ijyb
   580 | D:2      | Killed Ijyb
   580 | D:2      | Reached skill level 4 in Maces & Flails
   580 | D:2      | Reached XP level 4. HP: 19/28 MP: 4/4
   734 | D:2      | Noticed Natasha
   742 | D:2      | Killed Natasha
   778 | D:2      | Noticed Natasha
   791 | D:2      | Killed Natasha
   791 | D:2      | Reached skill level 5 in Maces & Flails
   791 | D:2      | Reached XP level 5. HP: 24/32 MP: 5/5
  1282 | D:3      | Reached skill level 6 in Maces & Flails
  1282 | D:3      | Reached XP level 6. HP: 37/37 MP: 6/6
  1918 | D:4      | Got a warped rapier
  2039 | D:4      | Reached skill level 7 in Maces & Flails
  2127 | D:4      | Reached XP level 7. HP: 38/41 MP: 7/7
  2193 | D:4      | Noticed Blork the orc
  2206 | D:4      | Killed Blork the orc
  2254 | D:4      | Noticed tof's ghost (novice DsBe)
  2403 | D:4      | Killed tof's ghost
  2403 | D:4      | Reached skill level 9 in Maces & Flails
  2403 | D:4      | Reached XP level 8. HP: 37/46 MP: 8/8
  2743 | D:5      | Entered Level 5 of the Dungeon
  2749 | D:5      | Noticed Duvessa
  2751 | D:5      | Noticed Dowan
  2783 | D:5      | Killed Duvessa
  2794 | D:5      | Killed Dowan
  2861 | D:5      | Reached skill level 10 in Maces & Flails
  3381 | D:5      | Found a deep blue altar of Sif Muna.
  3533 | D:6      | Found Owipo's Antique Weapon Boutique.
  3551 | D:6      | Reached skill level 11 in Maces & Flails
  3577 | D:6      | Reached XP level 9. HP: 51/51 MP: 9/9
  4052 | D:6      | Found a stormy altar of Qazlal.
  4128 | D:6      | Found a sparkling altar of Nemelex Xobeh.
  4129 | D:6      | Found a hide-covered altar of Uskayaw.
  4130 | D:6      | Found a hazy altar of Hepliaklqana.
  4215 | D:6      | Found a shimmering altar of Xom.
  4218 | D:6      | Found a staircase to the Ecumenical Temple.
  4264 | D:6      | Found an ancient bone altar of Kikubaaqudgha.
  4276 | Temple   | Entered the Ecumenical Temple
  4289 | Temple   | Became a worshipper of the Shining One
  4387 | D:6      | Found a shadowy altar of Dithmenos.
  4603 | D:7      | Reached skill level 12 in Maces & Flails
  4710 | D:7      | Reached * piety under the Shining One
  4989 | D:7      | Identified the +1 rapier of Ybug {chaos, *Rage rF+ Str+4} (You found it on level 4 of the Dungeon)
  5062 | D:7      | Reached skill level 13 in Maces & Flails
  5301 | D:8      | Noticed Grum
  5309 | D:7      | Reached XP level 10. HP: 56/56 MP: 10/10
  5633 | D:8      | Reached ** piety under the Shining One
  5635 | D:8      | Reached skill level 14 in Maces & Flails
  5684 | D:8      | Killed Grum
  5721 | D:8      | Found a basalt altar of Yredelemnul.
  6647 | D:8      | Reached skill level 1 in Invocations
  6909 | D:9      | Found Xynuri's Weapon Boutique.
  7041 | D:9      | Found a staircase to the Lair.
  7087 | D:9      | Reached skill level 5 in Fighting
  7087 | D:9      | Reached XP level 11. HP: 56/63 MP: 14/14
  7096 | D:9      | Reached *** piety under the Shining One
  7139 | D:9      | Noticed Kahsius's ghost (novice TrBe)
  7152 | D:9      | Killed Kahsius's ghost
  7154 | D:9      | Noticed Maurice
  7163 | D:9      | Killed Maurice
  7668 | D:9      | Noticed a manticore
  7678 | D:9      | Killed a manticore
  7770 | D:9      | Noticed a deep elf mage
  7799 | D:9      | Killed a deep elf mage
  7808 | D:9      | Reached skill level 15 in Maces & Flails
  7906 | D:9      | Noticed a hill giant
  7914 | D:9      | Killed a hill giant
  8086 | D:9      | Found a deep blue altar of Sif Muna.
  8117 | D:10     | Entered Level 10 of the Dungeon
  8162 | D:10     | Reached skill level 5 in Invocations
  8420 | D:10     | Noticed a hill giant
  8426 | D:10     | Killed a hill giant
  8448 | D:10     | Found Herghim's Book Shoppe.
  8797 | D:11     | Noticed a hill giant
  8809 | D:11     | Killed a hill giant
  8810 | D:11     | Reached **** piety under the Shining One
  9511 | Lair:1   | Entered Level 1 of the Lair of Beasts
  9511 | Lair:1   | Found a labyrinth entrance.
  9511 | Lair:1   | Noticed Gastronok
  9531 | Lair:1   | Killed Gastronok
  9531 | Lair:1   | Reached XP level 12. HP: 34/76 MP: 14/16
  9605 | Lab      | Entered a labyrinth
  9974 | Lab      | Noticed a minotaur
  9988 | Lab      | Killed a minotaur
 11097 | Lair:2   | Found a staircase to the Shoals.
 11111 | Lair:2   | Reached skill level 10 in Fighting
 11294 | Lair:2   | Noticed an eight-headed hydra
 11300 | Lair:2   | Killed an eight-headed hydra
 11368 | Lair:2   | Noticed a five-headed hydra
 11378 | Lair:2   | Killed a five-headed hydra
 11434 | Lair:2   | Reached skill level 5 in Armour
 11903 | Lair:4   | Found a staircase to the Snake Pit.
 12024 | Lair:3   | Reached skill level 5 in Shields
 12866 | Lair:4   | Noticed a five-headed hydra
 12874 | Lair:4   | Killed a five-headed hydra
 12874 | Lair:4   | Reached XP level 13. HP: 75/84 MP: 15/18
 13517 | Lair:5   | Found a frozen archway.
 13519 | Lair:5   | Noticed an ice dragon
 13568 | Lair:5   | Killed an ice dragon
 13592 | IceCv    | Entered an ice cave
 13851 | IceCv    | Reached skill level 16 in Maces & Flails
 14469 | IceCv    | Reached skill level 1 in Dodging
 14781 | IceCv    | Noticed a frost giant
 14824 | IceCv    | Killed a frost giant
 15769 | Lair:5   | Found a runed door.
 15770 | Lair:5   | Found a viscous altar of Jiyva.
 15777 | Lair:5   | Found a staircase to the Slime Pits.
 15950 | Lair:6   | Entered Level 6 of the Lair of Beasts
 15968 | Lair:6   | Noticed an azure jelly
 15986 | Lair:6   | Killed an azure jelly
 15995 | Lair:6   | Noticed a death ooze
 15996 | Lair:6   | Noticed a death ooze
 15997 | Lair:6   | Noticed an azure jelly
 15997 | Lair:6   | Noticed a death ooze
 15997 | Lair:6   | Noticed a death ooze
 15997 | Lair:6   | Noticed an acid blob
 15998 | Lair:6   | Noticed a great orb of eyes
 16005 | Lair:6   | Killed a death ooze
 16015 | Lair:6   | Killed a death ooze
 16015 | Lair:6   | Gained mutation: Your large and strong wings let you fly indefinitely. [Gargoyle growth]
 16015 | Lair:6   | Reached XP level 14. HP: 74/92 MP: 19/19
 16046 | Lair:6   | HP: 3/92 [acid blob/splash of acid (8)]
 16046 | Lair:6   | Splashed by an acid blob's acid

Skill      XL: |  1  2  3  4  5  6  7  8  9 10 11 12 13 |
---------------+----------------------------------------+-----
Maces & Flails | 3 4 5 6 7 9 11 13 14 15 16 | 16.3
Invocations    | 4 6 7 |  7.3
Fighting       | 5 9 11 12 | 12.9
Armour         | 4 6 7 |  7.9
Shields        | 4 5 7 |  7.5
Dodging        | 2 |  2.7

Action                   |  1- 3 |  4- 6 |  7- 9 | 10-12 | 13-15 || total
-------------------------+-------+-------+-------+-------+-------++-------
Melee: Flail             |    87 |    70 |    20 |   758 |   432 ||  1367
       Mace              |       |   180 |   431 |       |       ||   611
Throw: Tomahawk          |       |       |       |    13 |       ||    13
Invok: Divine Shield     |       |       |       |     8 |     1 ||     9
Evoke: Wand              |       |       |       |     4 |       ||     4
       Box of beasts     |       |       |       |     3 |       ||     3
       Phantom mirror    |       |       |       |       |     1 ||     1
  Use: Scroll            |     2 |       |     5 |    17 |     2 ||    26
       Potion            |       |       |     1 |     5 |     6 ||    12
  Eat: Chunk             |       |     5 |    11 |    26 |     9 ||    51
Armor: Scale mail        |    53 |   104 |   151 |   270 |   165 ||   743
       Chain mail        |     2 |       |    74 |    68 |       ||   144
       Plate armour      |       |       |       |       |    37 ||    37
Dodge: Dodged            |    27 |    61 |   106 |   160 |    80 ||   434
Block: Shield            |    43 |   105 |   209 |   378 |       ||   735
       Large shield      |       |       |       |    43 |   395 ||   438
